 Dungeon Crawl Stone Soup version 0.28-a0-664-gc179e30c89 (webtiles) character file.

Game seed: 6051545709663584736

6151 helsbecter the Covert (level 10, 51/51 HPs)
             Began as a Felid Berserker on Oct 15, 2021.
             Was an Elder of Trog.
             Quit the game on level 3 of the Lair of Beasts on Oct 16, 2021.
             The game lasted 00:40:39 (16197 turns).

helsbecter the Covert (Felid Berserker)            Turns: 16197, Time: 00:40:40

Health: 51/51      AC:  2    Str: 22    XL:     10   Next: 59%
Magic:  11/11      EV: 27    Int:  8    God:    Trog [****..]
Gold:   329        SH:  0    Dex: 17    Spells: 9/9 levels left
                                        Lives:  1   Deaths: 1

rFire   . . .      SeeInvis +     - Unarmed
rCold   . . .      Faith    .   (shield unavailable)
rNeg    . . .      Spirit   .   (armour unavailable)
rPois   .          Reflect  .   (helmet unavailable)
rElec   .          Harm     .   (cloak unavailable)
rCorr   .          Rampage  .   (gloves unavailable)
Will    +....                   (boots unavailable)
Stlth   +++++++...              w - amulet of the acrobat
HPRegen 0.17/turn               t - +6 ring of strength
MPRegen 0.12/turn               h - +4 ring of evasion

@: quick
A: very small, claws 1, fangs 3, see invisible, speed 1, shaggy fur 2, stealthy
paws, no weapons or thrown items, no armour, multi-lived, camouflage 1, wild
magic 1
a: Renounce Religion, Berserk, Trog's Hand, Brothers in Arms


You were on level 3 of the Lair of Beasts.
You worshipped Trog.
Trog was greatly pleased with you.
You visited 2 branches of the dungeon, and saw 12 of its levels.
You also visited: Sewer.

You collected 578 gold pieces.
You spent 249 gold pieces at shops.

Inventory:

Jewellery
 h - a +4 ring of evasion (right paw)
 r - a +6 ring of intelligence
 t - a +6 ring of strength (left paw)
 w - an amulet of the acrobat (around neck)
 x - a ring of magical power
Wands
 e - a wand of digging (6)
 i - a wand of iceblast (19)
 l - a wand of acid (7)
 q - a wand of polymorph (21)
 s - a wand of flame (46)
Scrolls
 d - a scroll of enchant armour {unknown}
 f - 9 scrolls of teleportation
 g - a scroll of vulnerability {unknown}
 k - 3 scrolls of fog
 m - a scroll of blinking
 o - 2 scrolls of torment {unknown}
 p - a scroll of magic mapping
 u - a scroll of summoning
 v - a scroll of fear
 y - a scroll of immolation
Potions
 a - 2 potions of might
 b - a potion of invisibility
 c - 5 potions of curing
 j - 2 potions of heal wounds
 n - a potion of haste


   Skills:
 + Level 10.4 Fighting
 - Level 10.0 Dodging
 + Level 13.9 Stealth
 + Level 10.5 Unarmed Combat
 - Level 2.3 Evocations


You had 9 spell levels left.
You didn't know any spells.
Your spell library was empty.

Dungeon Overview and Level Annotations

Branches:
Dungeon (9/15)             Temple (0/1) D:7            Lair (3/6) D:8
 Spider (0/4) Lair:2        Sewer (visited)
  Swamp: Lair:2-4    Shoals: Lair:2-4       Orc: D:9-12

Altars:
Ashenzari
Elyvilon
Fedhas
Kikubaaqudgha
Makhleb
Okawaru
Qazlal
Sif Muna
Trog
Uskayaw
Xom
Zin
The Shining One

Shops:
D:5 !   D:8 ?


Innate Abilities, Weirdness & Mutations

You have sharp claws.
You have razor-sharp teeth.
You have supernaturally acute eyesight. (SInv)
You cover ground quickly. (Speed+)
You are covered in thick fur. (AC +2)
Your paws help you pounce on unaware monsters.
You are incapable of wielding weapons or throwing items.
You cannot wear armour.
You gain extra lives every three experience levels.
Your skin changes colour to match your surroundings (Stealth+).
Your spells are a little harder to cast, but a little more powerful.


Message History

You are encased in ice.
You mangle the rime drake!!
The rime drake is severely wounded.
You closely miss the rime drake. Your claw misses the rime drake.
The rime drake is severely wounded.
The rime drake completely misses you.
You closely miss the rime drake.
The rime drake is severely wounded.
The rime drake closely misses you.
You claw the rime drake!
You kill the rime drake!
Trog accepts your kill.
A steam dragon comes into view.
The ice encasing you melts away.
You see here a rime drake corpse.
You feel a strong urge to attack something.
You are no longer berserk.
You are exhausted.
You feel yourself slow down.
You start resting.
A rime drake is nearby!
The rime drake hisses angrily.
The rime drake breathes ice at you. The flash freeze misses you.
The steam dragon hisses angrily.
You feel much better. The steam dragon breathes steam at you.
The ball of steam hits you!
You see here a rime drake skeleton.
Items here: [ ÷ ††.
Your two-headed ogre goes berserk!
The rime drake breathes ice at you. The flash freeze hits you!!
You die...
You are encased in ice.
The rime drake barely misses you.
You are now level 10!
You rejoin the land of the living...
Found a book of Callings.
Are you sure you want to abandon this character and quit the game? (Confirm with "yes".)

#.####...♣..##.####
..............##.♣.##
..+............#.....#
#..#...♣..♣.<.♣....<.♣#
#P .............#.....#
..............#.♣)##
#...#.#..♣..######..
####......#.# ..#
#..@.....#(.# ...
+...♣...##...# #.
..........# ...# #
..........#.......#
###......####.....#
#...##### .#... .....
...:.


There were no monsters in sight!

Vanquished Creatures
  Pikel (D:7)
  Joseph (D:7)
  2 cane toads
  7 rime drakes (Lair:3)
  3 komodo dragons
  A polar bear (Lair:2)
  Prince Ribbit (D:7)
  Sigmund (D:6)
  2 wyverns (D:8)
  2 redbacks (Lair:2)
  8 yaks
  A wraith (D:9)
  Menkaure (D:4)
  6 steam dragons
  Duvessa (D:7)
  2 water moccasins (D:8)
  2 ice beasts
  An orc warrior (D:8)
  2 sky beasts
  A black bear (D:5)
  An ogre (D:7)
  A necrophage (D:4)
  A lemure (D:7)
  4 wolves (Lair:1)
  A centaur (D:9)
  4 kobold brigands
  A phantom (D:5)
  11 bullfrogs
  An elf zombie (D:6)
  A gnoll sergeant (D:7)
  Dowan (D:7)
  A water moccasin zombie (D:6)
  3 scorpions
  A killer bee (shapeshifter) (D:8)
  A water moccasin skeleton (D:6)
  5 killer bees
  2 electric eels
  A howler monkey (D:4)
  7 wights
  A crimson imp (D:7)
  3 centaur zombies
  2 jellies
  3 hounds
  4 orc priests
  2 bullfrog skeletons
  2 gnoll shamans (D:6)
  8 orc wizards
  A scorpion zombie (D:5)
  4 iguanas
  A killer bee zombie (D:6)
  A hound skeleton (D:4)
  14 gnolls
  9 adders
  4 white imps
  2 ufetubi
  3 worms
  3 dart slugs
  34 orcs
  10 ball pythons
  9 endoplasms
  8 giant cockroaches
  11 goblins
  5 hobgoblins
  3 jackals (D:3)
  7 quokkas
  A bat (D:1)
  5 frilled lizards
  19 kobolds
  3 orc skeletons (D:6)
  2 orc zombies (D:6)
  8 rats
286 creatures vanquished.

Vanquished Creatures (collateral kills)
  A slime creature (D:8)
1 creature vanquished.

Vanquished Creatures (others)
  3 fungi (Lair:3)
  32 plants
35 creatures vanquished.

Grand Total: 322 creatures vanquished

Notes
Turn   | Place    | Note
-------+----------+-------------------------------------------
     0 | D:1      | helsbecter the Felid Berserker began the quest for the Orb.
     0 | D:1      | Reached XP level 1. HP: 10/10 MP: 2/2
   138 | D:1      | Reached skill level 1 in Stealth
   146 | D:1      | Reached XP level 2. HP: 14/14 MP: 3/3
   404 | D:1      | Found a faded altar of an unknown god.
   705 | D:1      | Reached ** piety under Trog
   904 | D:1      | Reached XP level 3. HP: 8/17 MP: 4/4
  1219 | D:1      | Reached skill level 2 in Stealth
  1413 | D:2      | Noticed a scorpion
  1420 | D:2      | Killed a scorpion
  1421 | D:2      | Reached XP level 4. HP: 21/21 MP: 5/5
  1911 | D:2      | Reached skill level 5 in Dodging
  2328 | D:3      | Reached skill level 3 in Stealth
  3035 | D:3      | Reached XP level 5. HP: 25/25 MP: 6/6
  3440 | D:3      | Found a bloodstained altar of Trog.
  3635 | D:4      | Reached skill level 1 in Evocations
  3641 | D:4      | Found a stormy altar of Qazlal.
  3642 | D:4      | Noticed a fire elemental
  3759 | D:4      | Gained mutation: You are covered in thick fur. (AC +2)
                  | [Felid growth]
  3759 | D:4      | Reached XP level 6. HP: 16/28 MP: 7/7
  3920 | D:4      | Reached skill level 4 in Stealth
  4067 | D:4      | Found an ancient bone altar of Kikubaaqudgha.
  4078 | D:4      | Noticed Menkaure
  4089 | D:4      | Killed Menkaure
  4232 | D:4      | Reached *** piety under Trog
  4412 | D:4      | Noticed an air elemental
  4412 | D:4      | Noticed a water elemental
  4417 | D:4      | Reached XP level 7. HP: 33/33 MP: 8/8
  4558 | D:5      | Entered Level 5 of the Dungeon
  4558 | D:5      | Found Vuliops's Distillery.
  4570 | D:5      | Reached skill level 5 in Stealth
  4577 | D:5      | Bought a potion of mutation for 96 gold pieces
  4577 | D:5      | Bought a potion of curing for 36 gold pieces
  4577 | D:5      | Gained mutation: You are frail. (-10% HP) [potion of
                  | mutation]
  4577 | D:5      | Gained mutation: You are partially covered in iridescent
                  | scales. (AC +2) [potion of mutation]
  4577 | D:5      | Gained mutation: Your spells are a little harder to cast,
                  | but a little more powerful. [potion of mutation]
  4708 | D:5      | Reached skill level 5 in Fighting
  4708 | D:5      | Reached skill level 5 in Unarmed Combat
  5190 | D:5      | Found a glowing golden altar of the Shining One.
  5502 | D:5      | Found a broken altar of Ashenzari.
  5624 | D:5      | Reached skill level 6 in Stealth
  5804 | D:6      | Reached XP level 8. HP: 8/33 MP: 9/9
  6127 | D:6      | Reached **** piety under Trog
  6162 | D:6      | Found a glowing drain.
  6169 | Sewer    | Entered a sewer
  6591 | D:6      | Found a shimmering altar of Xom.
  6592 | D:6      | Noticed an angel
  6593 | D:6      | Found a glowing silver altar of Zin.
  6906 | D:6      | Reached skill level 7 in Stealth
  6911 | D:6      | Noticed a +0 dagger
  6911 | D:6      | Noticed a +0 falchion
  6911 | D:6      | Noticed a +0 spear
  6931 | D:6      | Lost mutation: You are partially covered in iridescent
                  | scales. (AC +2) [potion of mutation]
  6931 | D:6      | Lost mutation: You are frail. (-10% HP) [potion of
                  | mutation]
  6931 | D:6      | Gained mutation: Your skin changes colour to match your
                  | surroundings (Stealth+). [potion of mutation]
  7172 | D:6      | Found a hide-covered altar of Uskayaw.
  7172 | D:6      | Noticed a +0 falchion
  7172 | D:6      | Noticed a +0 short sword
  7173 | D:6      | Noticed a +0 short sword
  7174 | D:6      | Noticed a +0 spear
  7175 | D:6      | Noticed a +0 dagger
  7541 | D:6      | Noticed Sigmund
  7544 | D:6      | Killed Sigmund
  7852 | D:6      | Reached skill level 8 in Stealth
  8064 | D:7      | Noticed Duvessa
  8064 | D:7      | Noticed Dowan
  8073 | D:7      | Killed Duvessa
  8074 | D:7      | Reached XP level 9. HP: 42/42 MP: 10/10
  8076 | D:7      | Killed Dowan
  8276 | D:7      | Found a staircase to the Ecumenical Temple.
  8408 | D:7      | Noticed Joseph
  8950 | D:7      | Found a blossoming altar of Fedhas.
  9124 | D:7      | Reached skill level 9 in Stealth
  9255 | D:7      | Noticed Prince Ribbit
  9258 | D:7      | Killed Prince Ribbit
  9284 | D:7      | Killed Joseph
  9775 | D:7      | Found a white marble altar of Elyvilon.
  9909 | D:7      | Noticed Pikel
  9924 | D:7      | Killed Pikel
  9925 | D:7      | Reached skill level 10 in Dodging
  9925 | D:7      | Reached skill level 10 in Stealth
 10399 | D:8      | Reached XP level 10. HP: 48/48 MP: 11/11
 10997 | D:8      | Found Vinown's Magic Scroll Boutique.
 11159 | D:8      | Found a shimmering blue altar of Sif Muna.
 11245 | D:8      | Reached skill level 11 in Stealth
 11450 | D:8      | Found a staircase to the Lair.
 12038 | D:9      | Found a burning altar of Makhleb.
 12428 | D:9      | Found an iron altar of Okawaru.
 13211 | D:8      | Bought a scroll of identify for 26 gold pieces
 13211 | D:8      | Bought a scroll of fog for 26 gold pieces
 13211 | D:8      | Bought a scroll of identify for 26 gold pieces
 13211 | D:8      | Bought a scroll of teleportation for 39 gold pieces
 13275 | Lair:1   | Entered Level 1 of the Lair of Beasts
 13321 | D:8      | Reached skill level 12 in Stealth
 13615 | Lair:1   | Reached XP level 11. HP: 53/53 MP: 12/12
 14927 | Lair:2   | Reached skill level 13 in Stealth
 15043 | Lair:2   | Noticed a six-headed hydra
 15043 | Lair:2   | Noticed a six-headed hydra
 15476 | Lair:2   | Found a hole to the Spider Nest.
 15485 | Lair:2   | Reached skill level 10 in Unarmed Combat
 15610 | Lair:2   | Reached skill level 10 in Fighting
 16196 | Lair:3   | Killed from afar by a rime drake
 16197 | Lair:3   | Reached XP level 10. HP: -1/51 MP: 11/11
 16197 | Lair:3   | Quit the game

Illustrated notes

Levels and vault maps discovered:
D:1:      psy_arrival_heroes, layout_basic, hellmonk_ecumenical_altar_zigzags
D:2:      layout_basic
D:3:      layout_basic, mainiacjoe_overflow_six_doors_small,
          grunt_decor_arrowhead, hex_large, chequers_decorated_corner,
          roderic_cross_of_infinity
D:4:      layout_cave_pools, lemuel_crystal_altar,
          nicolae_qazlal_style_of_elements, grunt_decor_one_mirror, st_stairs_5,
          uniq_menkaure
D:5:      layout_basic, mainiacjoe_overflow_24_doors,
          ashenzari_conservatory_becter, serial_shops, shop
D:6:      layout_loops_corners, grunt_temple_overflow_order_and_chaos_1,
          nicolae_uskayaw_en_pointe, gup_sewer_entry_bubbles,
          nicolae_ossuary_entry_catacombs, minmay_misc_feat_five,
          amcnicky_mini_pool_small, uniq_sigmund
D:7:      layout_gridville, lemuel_tele_altar, nicolae_elyvilon_temple_path,
          minmay_temple_entry_stoned_glass, st_stairs_11,
          minmay_fire_ice_demons, uniq_prince_ribbit1, uniq_duvessa,
          uniq_joseph, uniq_pikel
D:8:      nzn_winding_woodlands_small [nzn_winding_woodlands_5x15_sidewinder,
          nzn_winding_woodlands_center_diamonds,
          nzn_winding_woodlands_5x15_concentric], layout_gridville, tgw_sif,
          david_lair_shrubbed, serial_shops, nicolae_take_the_stairs,
          serial_bayou_pond_d
D:9:      layout_roguey, mainiacjoe_overflow_small_starburst,
          okawaru_altar_gauntlet_db, minmay_unpleasant_kobolds
Lair:1:   layout_long_grid, beast_lair_carwin_8
Lair:2:   layout_layer_cave, spider_nest_entry_webs,
          grunt_forest_small_clearing_treed, lemuel_fruit_fields,
          infiniplex_staircase_pool, serial_bayou_shore_b
Lair:3:   layout_cave_pods, bobbens_dragon_lair_wall, grunt_megastairs_3,
          uniq_gastronok

Skill      XL: |  1  2  3  4  5  6  7  8  9 10 11 |
---------------+----------------------------------+-----
Stealth        | 1 2 3 4 6 8 10 12 13 | 13.9
Dodging        | 5 6 7 8 10 | 10.0
Fighting       | 4 5 6 7 9 10 | 10.4
Unarmed Combat | 4 5 6 7 9 10 | 10.5
Evocations     | 1 2 |  2.3

Action                   |  1- 3 |  4- 6 |  7- 9 | 10-12 || total
-------------------------+-------+-------+-------+-------++-------
Melee: Unarmed           |    86 |   128 |   377 |   280 ||   871
       Bite              |     7 |    14 |    42 |    44 ||   107
       Punch             |     1 |     1 |    10 |    22 ||    34
Invok: Berserk           |     2 |     4 |    15 |    14 ||    35
       Trog's Hand       |     1 |       |     1 |     4 ||     6
       Brothers in Arms  |       |       |       |     4 ||     4
Evoke: Wand              |       |       |       |     5 ||     5
  Use: Scroll            |       |       |     7 |     7 ||    14
       Potion            |       |       |     3 |     1 ||     4
 Stab: Sleeping          |     1 |    12 |    14 |    18 ||    45
       Distracted        |       |       |     3 |     7 ||    10
Armor: Skin              |     1 |     6 |    26 |    10 ||    43
Dodge: Dodged            |    55 |    95 |   326 |   260 ||   736

Table legend: (Time is in decaauts)
 A = Elapsed time spent in this place.
 B = Non-inter-level travel time spent in this place.
 C = Inter-level travel time spent in this place.
 D = Time resting spent in this place.
 E = Time spent auto-exploring this place.
 F = Levels seen in this place.
 G = Mean time per level.
                   A        B        C        D        E       F      G
               +--------+--------+--------+--------+--------+-----+--------+
         Total |  14696 |  14247 |    449 |   5224 |   6005 |  13 | 1130.5 |
       Dungeon |  12131 |  11720 |    411 |   4219 |   5206 |   9 | 1347.9 |
          Lair |   2348 |   2310 |     38 |   1005 |    798 |   3 |  782.7 |
         Sewer |    216 |    216 |      0 |      0 |      0 |   1 |  216.0 |
               +--------+--------+--------+--------+--------+-----+--------+

Top non-repeatable levels by time:
     D:6: 2218 daAuts
     D:8: 2067 daAuts
     D:7: 1882 daAuts
     D:1: 1212 daAuts
  Lair:1: 1178 daAuts
     D:5: 1108 daAuts
     D:3: 1082 daAuts
     D:4: 899 daAuts
     D:9: 894 daAuts
  Lair:2: 866 daAuts
     D:2: 764 daAuts
  Lair:3: 304 daAuts
   Sewer: 216 daAuts
